 Dungeon Crawl Stone Soup version 0.28-a0-390-gb254ac4902 (webtiles) character file.

Game seed: 9961935408999690557

259 Goblin1989 the Chopper (level 5, -2/41 HPs)
             Began as a Demonspawn Cinder Acolyte on Sept 5, 2021.
             Was a High Priest of Ignis.
             Succumbed to a gnoll's poison
             ... on level 2 of the Dungeon.
             The game lasted 00:07:47 (3589 turns).

Goblin1989 the Chopper (Demonspawn Cinder Acolyte)  Turns: 3589, Time: 00:07:48

Health: -2/41      AC:  2    Str: 15    XL:     5   Next: 95%
Magic:  6/6        EV: 11    Int: 15    God:    Ignis [*****.]
Gold:   58         SH:  8    Dex:  9    Spells: 6/6 levels left

rFire   + . .      SeeInvis .   a - -1 hand axe (flame)
rCold   . . .      Faith    .   g - +0 buckler
rNeg    . . .      Spirit   .   b - +0 robe
rPois   .          Reflect  .   (helmet restricted)
rElec   .          Harm     .   (no cloak)
rCorr   .          Rampage  .   (no gloves)
Will    .....                   (no boots)
Stlth   +.........              (no amulet)
HPRegen 0.13/turn               (no ring)
MPRegen 0.20/turn               (no ring)

@: lethally poisoned (-2 -> -23)
A: antennae 1, large bone plates 1, magic regeneration
a: Renounce Religion, Sea of Fire, Foxfire Swarm, Rising Flame


You were on level 2 of the Dungeon.
You worshipped Ignis.
Ignis was extremely pleased with you.
You visited 1 branch of the dungeon, and saw 3 of its levels.

You collected 58 gold pieces.

Inventory:

Hand Weapons
 a - a -1 hand axe of flaming (weapon)
Missiles
 i - 5 boomerangs (quivered)
Armour
 b - a +0 robe (worn)
 g - a +0 buckler (worn)
Scrolls
 c - a scroll of noise {unknown}
 e - 3 scrolls of identify {unknown}
 h - a scroll of enchant armour {unknown}
Potions
 d - a potion of haste {unknown}
 j - a potion of berserk rage {unknown}


   Skills:
 - Level 3.0 Fighting
 + Level 4.8 Axes
 - Level 2.0 Throwing
 + Level 2.5 Shields
 - Level 1.0 Spellcasting
 - Level 2.6 Fire Magic


You had 6 spell levels left.
You didn't know any spells.
Your spell library contained the following spells:

 Spells                   Type           Power      Damage    Failure   Level
 Scorch                   Fire           16%        2d5       14%         2


Dungeon Overview and Level Annotations

Branches:
Dungeon (3/15)

Altars:
Cheibriados
Gozag
Hepliaklqana
Kikubaaqudgha
Makhleb
Okawaru
Qazlal
Sif Muna
Yredelemnul

Shops:
D:1 *


Innate Abilities, Weirdness & Mutations

You have a pair of small antennae on your head.
You are partially covered in large bone plates. (SH +4)
You regenerate magic rapidly.


Message History

2 gnolls come into view.
A gnoll is wielding a +2 spear of venom.
The gnoll shouts! x2
A goblin comes into view. It is wielding a +0 club.
The gnoll hits you with a +0 club.
You take 6 damage, and have 35/41 hp.
You hit the gnoll. You burn the gnoll.
The gnoll is lightly wounded.
The gnoll completely misses you.
You hit the gnoll. You burn the gnoll.
The gnoll is moderately wounded.
You block the gnoll's attack.
You hit the gnoll but do no damage.
The gnoll is moderately wounded.
The gnoll closely misses you. You block the gnoll's attack.
The gnoll barely misses you.
You hit the gnoll. You burn the gnoll.
The gnoll is almost dead.
You block the gnoll's attack. The gnoll hits you with a +0 club.
The gnoll barely misses you. The goblin hits you with a +0 club.
You take 8 damage, and have 28/41 hp.
You closely miss the gnoll.
The gnoll is almost dead.
You closely miss the goblin. You block the gnoll's attack.
The gnoll hits you with a +0 club. The gnoll closely misses you.
The goblin hits you but does no damage.
You take 4 damage, and have 24/41 hp.
You are too injured to fight recklessly!
You are too injured to fight recklessly!
You are too injured to fight recklessly!
You are too injured to fight recklessly!
You are too injured to fight recklessly!
You are too injured to fight recklessly!
You are too injured to fight recklessly!
You are too injured to fight recklessly!
You are too injured to fight recklessly!
You are too injured to fight recklessly!
You are too injured to fight recklessly!
You are too injured to fight recklessly!
You are too injured to fight recklessly!
You are too injured to fight recklessly!
You are too injured to fight recklessly!
The gnoll hits you with a +0 club.
You take 3 damage, and have 21/41 hp.
There is a stone staircase leading up here.
You climb upwards.
There is a stone staircase leading down here.
You hit the gnoll. You burn the gnoll.
You kill the gnoll!
Training target 2.0 for Throwing reached!
Your Throwing skill increases to level 2!
Unknown command.
Unknown command.
Unknown command.
You start resting.
HP restored.
Health restored: 41 You climb downwards.
The gnoll barely misses you. The gnoll closely misses you.
There is a stone staircase leading up here.
Unknown command.
You barely miss the gnoll.
The gnoll hits you with a +2 spear of venom.
You are poisoned.
You take 5 damage, and have 36/41 hp.
You hit the gnoll. You burn the gnoll.
The gnoll is moderately wounded.
You feel very sick. You block the gnoll's attack.
You take 3 damage, and have 33/41 hp.
You closely miss the gnoll.
The gnoll is moderately wounded.
You feel sick. You block the gnoll's attack. The gnoll closely misses you.
You take 2 damage, and have 31/41 hp.
You hit the gnoll but do no damage.
The gnoll is moderately wounded.
You feel sick. You block the gnoll's attack.
The gnoll hits you with a +2 spear of venom.
You take 5 damage, and have 26/41 hp.
You hit the gnoll. You burn the gnoll.
The gnoll is heavily wounded.
You feel sick. You block the gnoll's attack. The gnoll misses you.
You hit the gnoll. You burn the gnoll.
The gnoll is almost dead.
You feel sick.
The gnoll hits you from afar with a +0 spear.
You block the gnoll's attack.
You take 3 damage, and have 23/41 hp.
You are too injured to fight recklessly!
You are too injured to fight recklessly!
You are too injured to fight recklessly!
You are too injured to fight recklessly!
You are too injured to fight recklessly!
You feel sick.
The gnoll hits you from afar with a +0 spear!
* * * LOW HITPOINT WARNING * * *
The gnoll hits you with a +2 spear of venom!
* * * LOW HITPOINT WARNING * * *
You are lethally poisoned!
You climb upwards.
You die...

.................█████......████.
..███.█████..█...█ █......█ ██
..███.███........█ █......█████
......██....██.█.█ █...........
..███.██.........█ █......█████
......██.........█████......█
.█.██.......................█
...██.██...█....)█████......█
████████.....█..@██ █......█
████.......███...g█ █......█
......██..██ ████.█


████████ ......██..█ █.█ ......██..███████.█ ......██..........█
████.███.......████ .....█ █.█..██.█ .███.█ █.█.....█ You could see a gnoll.

Vanquished Creatures
  A howler monkey (D:3)
  Natasha (thrice) (D:3)
  A hound skeleton (D:3)
  A howler monkey zombie (D:3)
  2 gnolls
  5 adders
  A worm (D:2)
  A dart slug (D:1)
  2 orcs (D:3)
  8 bats
  2 bat zombies (D:3)
  An endoplasm (D:2)
  5 giant cockroaches
  4 goblins
  7 hobgoblins
  2 jackals (D:1)
  5 ball pythons
  2 frilled lizards
  3 kobolds
  3 rats
  A rat zombie (D:3)
60 creatures vanquished.

Vanquished Creatures (others)
  A bat (D:1)
  12 foxfires (D:3)
13 creatures vanquished.

Grand Total: 73 creatures vanquished

Notes
Turn   | Place    | Note
-------+----------+-------------------------------------------
     0 | D:1      | Goblin1989 the Demonspawn Cinder Acolyte began the quest
                  | for the Orb.
     0 | D:1      | Reached XP level 1. HP: 18/18 MP: 2/2
   123 | D:1      | Reached skill level 3 in Axes
   131 | D:1      | Gained mutation: You are partially covered in large bone
                  | plates. (SH +4) [demonic ancestry]
   131 | D:1      | Reached XP level 2. HP: 2/24 MP: 3/3
   417 | D:1      | Found Reroitev's Assorted Antiques.
   625 | D:1      | Found a faded altar of an unknown god.
  1054 | D:2      | Gained mutation: You regenerate magic rapidly. [demonic
                  | ancestry]
  1054 | D:2      | Reached XP level 3. HP: 24/29 MP: 4/4
  1135 | D:2      | Reached skill level 4 in Axes
  1433 | D:2      | Reached skill level 1 in Shields
  1696 | D:3      | Gained mutation: You have a pair of small antennae on your
                  | head. [demonic ancestry]
  1696 | D:3      | Reached XP level 4. HP: 18/35 MP: 5/5
  2075 | D:3      | Noticed Natasha
  2094 | D:3      | Killed Natasha
  2344 | D:3      | Reached skill level 1 in Throwing
  2369 | D:3      | Reached XP level 5. HP: 27/41 MP: 6/6
  2478 | D:3      | Noticed Natasha
  2487 | D:3      | Killed Natasha
  2987 | D:3      | Found a burning altar of Makhleb.
  2987 | D:3      | Noticed Natasha
  2988 | D:3      | Found an opulent altar of Gozag.
  2989 | D:3      | Found a stormy altar of Qazlal.
  2999 | D:3      | Killed Natasha
  3032 | D:3      | Found a shimmering blue altar of Sif Muna.
  3032 | D:3      | Found a snail-covered altar of Cheibriados.
  3160 | D:3      | Found a basalt altar of Yredelemnul.
  3160 | D:3      | Found a hazy altar of Hepliaklqana.
  3161 | D:3      | Found an iron altar of Okawaru.
  3294 | D:3      | Found an ancient bone altar of Kikubaaqudgha.
  3589 | D:2      | Succumbed to a gnoll's poison

Illustrated notes

Levels and vault maps discovered:
D:1:      scummos_arrival_gate, layout_rooms, serial_shops, shop,
          shapermc_ecumenical_altar_ellora, minmay_misc_feat_iff, minivault_23
D:2:      layout_basic
D:3:      layout_loops_ring, grunt_temple_overflow_open,
          lemuel_zombie_altar_kikubaaqudgha, gammafunk_ghost_necromancy,
          uniq_sigmund, uniq_natasha

Skill      XL: |  1  2  3  4  5 |
---------------+----------------+-----
Axes           | 3 4 |  4.8
Shields        | 1 2 |  2.5
Throwing       | 1 2 |  2.0
Fighting       | |  3.0
Spellcasting   | |  1.0
Fire Magic     | |  2.6

Action                   |  1- 3 |  4- 6 || total
-------------------------+-------+-------++-------
Melee: Hand axe          |    92 |   108 ||   200
Throw: Boomerang         |       |    11 ||    11
Invok: Sea of Fire       |       |     1 ||     1
       Foxfire Swarm     |       |     1 ||     1
Armor: Robe              |    28 |    15 ||    43
Dodge: Dodged            |    54 |    51 ||   105
Block: Other             |    10 |       ||    10
       Buckler           |    18 |    51 ||    69

Table legend: (Time is in decaauts)
 A = Elapsed time spent in this place.
 B = Non-inter-level travel time spent in this place.
 C = Inter-level travel time spent in this place.
 D = Time resting spent in this place.
 E = Time spent auto-exploring this place.
 F = Levels seen in this place.
 G = Mean time per level.
                   A        B        C        D        E       F      G
               +--------+--------+--------+--------+--------+-----+--------+
         Total |   3620 |   3553 |     67 |   1154 |   1883 |   3 | 1206.7 |
       Dungeon |   3620 |   3553 |     67 |   1154 |   1883 |   3 | 1206.7 |
               +--------+--------+--------+--------+--------+-----+--------+

Top non-repeatable levels by time:
     D:3: 1475 daAuts
     D:2: 1201 daAuts
     D:1: 942 daAuts
